AoeStats
← tarepo

Arena

505620942Analyzed
1v1 RM · 20d ago on Sep 10, 2026· 50m 23s· 2 players
Game mode
Random Map
Map size
Tiny (2 player)
Population
200
Speed
Normal
Resources
Standard
Victory
Conquest
Starting age
Dark Age
Ending age
Imperial Age
RankedLock teamsTeams togetherTeam positionsShared explorationLock speedFull tech treeHidden civsTurbo modeCheats
Victory
Defeat
🇨🇭 Japanese · Switzerland
434
+15
🇩🇪 Gurjaras · Germany
405
-15
HENTZUS
0:27 Loom
9:58 Feudal Age
10:47 Double-Bit Axe
12:25 Wheelbarrow
11:36 Town Watch
12:51 Horse Collar
13:25 Gold Mining
13:30 Stone Mining
21:01 Castle Age
21:57 Fletching
22:08 Padded Archer Armor
22:15 Heavy Plow
23:28 Gold Shaft Mining
23:43 Crossbowman
24:30 Bodkin Arrow
25:58 Stone Shaft Mining
26:53 Bow Saw
27:30 Leather Archer Armor
28:13 Town Patrol
29:05 Hand Cart
33:20 Forging
33:36 Ballistics
32:59 Treadmill Crane
33:14 Murder Holes
33:31 Masonry
35:30 Thumb Ring
36:47 Husbandry
36:58 Bloodlines
42:53 Kshatriyas
45:54 Imperial Age
45:26 Scale Barding Armor
48:24 Chemistry
tarepo
10:51 Feudal Age
15:09 Castle Age
13:32 Double-Bit Axe
13:33 Horse Collar
14:11 Gold Mining
15:26 Stone Mining
21:24 Scale Mail Armor
25:23 Bow Saw
27:10 Gold Shaft Mining
26:25 Loom
28:29 Wheelbarrow
27:41 Town Watch
29:09 Thumb Ring
29:08 Padded Archer Armor
30:42 Hand Cart
34:57 Imperial Age
32:02 Elite Skirmisher
32:37 Fletching
34:47 Bodkin Arrow
35:08 Leather Archer Armor
34:32 Pikeman
35:13 Squires
35:10 Elite Samurai
36:31 Halberdier
37:35 Conscription
37:36 Kataparuto
37:50 Chain Mail Armor
37:46 Forging
40:23 Plate Mail Armor
40:29 Iron Casting
40:25 Ring Archer Armor
39:56 Bracer
46:06 Capped Ram
46:08 Onager
Connection lost

Rejoining the realm…

Still unreachable

The connection could not be restored.

Session expired

The server has moved on; the page needs a fresh start.